 Dungeon Crawl Stone Soup version 0.23.2-30-g0e89c35649 (webtiles) character file.

Game seed: 8195262946257117435

310 Mrkan the Cudgeler (level 6, -6/39 HPs)
             Began as a Gargoyle Fighter on June 23, 2019.
             Mangled by an ogre
             ... wielding a +0 giant club
              (23 damage)
             ... on level 4 of the Dungeon.
             The game lasted 00:04:33 (2418 turns).

Mrkan the Cudgeler (Gargoyle Fighter)               Turns: 2418, Time: 00:04:33

Health: -6/39      AC: 15    Str: 19    XL:     6   Next: 41%
Magic:  6/6        EV:  3    Int:  9    God:
Gold:   133        SH:  9    Dex: 11    Spells: 5/5 levels left

rFire    . . .     SeeInvis .   a - +0 flail
rCold    . . .     Gourm    .   c - +0 shield
rNeg     + . .     Faith    .   p - +0 plate armour
rPois    ∞         Spirit   .   (no helmet)
rElec    +         Reflect  .   (no cloak)
rCorr    .         Harm     .   (no gloves)
MR       .....                  (no boots)
Stlth    ..........             (no amulet)
HPRegen  0.13/turn              (no ring)
MPRegen  0.10/turn              (no ring)

@: no status effects
A: negative energy resistance 1, electricity resistance, unbreathing,
petrification resistance, rot immunity, AC +4
a: no special abilities


You were on level 4 of the Dungeon.
You were not hungry.

You visited 1 branch of the dungeon, and saw 4 of its levels.

You collected 133 gold pieces.

Inventory:

Hand Weapons
 a - a +0 flail (weapon)
Armour
 c - a +0 shield (worn)
 p - a +0 plate armour (worn)
Jewellery
 m - an uncursed ring of fire {unknown}
 o - an uncursed ring of poison resistance {unknown}
Scrolls
 e - 2 scrolls of blinking {unknown}
 h - a scroll of enchant weapon {unknown}
 i - 2 scrolls of remove curse {unknown}
 j - 3 scrolls of identify {unknown}
 l - a scroll of teleportation {unknown}
 n - a scroll of fog {unknown}
 q - a scroll of enchant armour {unknown}
Potions
 b - a potion of heal wounds {unknown}
 d - 3 potions of might
 g - a potion of agility {unknown}
 k - a potion of berserk rage {unknown}
 s - a potion of brilliance {unknown}
Comestibles
 f - 4 rations
 r - 2 chunks of flesh


   Skills:
 + Level 4.7 Fighting
 * Level 4.9 Maces & Flails
 - Level 3.2 Armour
 + Level 4.7 Shields


You had 5 spell levels left.
You didn't know any spells.
Your spell library was empty.

Dungeon Overview and Level Annotations

Branches:
Dungeon (4/15)
 Temple: D:4-7

Altars:


Innate Abilities, Weirdness & Mutations

You are resistant to torment.
Your stone body is resilient. (AC +4)
You are immune to poison.
You resist negative energy. (rN+)
You are resistant to electric shocks. (rElec)
You can survive without breathing.
You are immune to petrification.
You are immune to rotting.


Message History

The ogre shouts!
You see here a ball python corpse.
An ogre is nearby!
You block the ogre's attack.
You hit the ogre.
The ogre is lightly wounded.
The ogre hits you but does no damage.
You barely miss the ogre.
The ogre is lightly wounded.
You hit the ogre but do no damage.
The ogre is lightly wounded.
You block the ogre's attack.
You sock the ogre!
The ogre is heavily wounded.
The ogre hits you with a +0 giant club!
You sock the ogre!
The ogre is almost dead.
The ogre hits you with a +0 giant club!!
Ouch! That really hurt!
You die...

#.# #.# #+#####.# #
#.#...#.###
##.##.........####
..................
#.............# #
#.....O@..†...#.#
#...........$.#.####
#.#.................
#.................
#.............####
#.#...<(......#
#.#######.###.#
#....)...## #.#
#########.# ##


You could see an ogre.

Vanquished Creatures
  A hound (D:3)
  A centaur skeleton (D:4)
  A worker ant (D:4)
  8 gnolls
  7 adders
  An ooze (D:2)
  3 worms (D:2)
  A dart slug (D:1)
  A leopard gecko (D:3)
  2 orcs (D:3)
  4 giant cockroaches
  7 goblins
  9 hobgoblins
  7 jackals
  6 kobolds
  A quokka (D:3)
  2 ball pythons
  5 bats
  7 frilled lizards
  3 rats
77 creatures vanquished.

Notes
Turn   | Place    | Note
-------+----------+-------------------------------------------
     0 | D:1      | Mrkan the Gargoyle Fighter began the quest for the Orb.
     0 | D:1      | Reached XP level 1. HP: 14/14 MP: 1/1
    50 | D:1      | Reached XP level 2. HP: 17/19 MP: 2/2
   203 | D:1      | Reached XP level 3. HP: 23/23 MP: 3/3
   705 | D:2      | Reached XP level 4. HP: 17/29 MP: 4/4
  1247 | D:2      | Reached XP level 5. HP: 25/33 MP: 5/5
  2016 | D:3      | Reached XP level 6. HP: 23/39 MP: 6/6
  2418 | D:4      | Mangled by an ogre

Skill      XL: |  1  2  3  4  5 |
---------------+----------------+-----
Maces & Flails | 3 4 |  4.9
Shields        | 4 |  4.7
Fighting       | 4 |  4.7
Armour         | |  3.2

Action                   |  1- 3 |  4- 6 || total
-------------------------+-------+-------++-------
Melee: Flail             |    83 |   288 ||   371
  Eat: Chunk             |       |     6 ||     6
Armor: Scale mail        |    52 |    36 ||    88
       Plate armour      |       |   245 ||   245
Dodge: Dodged            |    24 |    61 ||    85
Block: Shield            |    45 |   209 ||   254
